 Dungeon Crawl Stone Soup version 0.15.1-1-gfacfea3 (webtiles) character file.

5968 eustach the Nimble (level 11, -1/79 HPs)
             Began as a Human Hunter on Sept 20, 2014.
             Was a Priest of Kikubaaqudgha.
             Slain by an ice beast (4 damage)
             ... on Level 10 of the Dungeon.
             The game lasted 02:49:21 (17578 turns).

eustach the Nimble (Human Hunter)                  Turns: 17578, Time: 02:49:27

HP  -1/79        AC 13     Str 15      XL: 11   Next:  9%
MP  18/22        EV 16     Int 13      God: Kikubaaqudgha [***...]
Gold 223         SH  0     Dex 14      Spells:  7 memorised,  6 levels left

rFire  . . .     SeeInvis .     O - +2 flail (protect)
rCold  . . .     Clarity  .     d - +0 leather armour
rNeg   . . .     rCorr    .     (no shield)
rPois  +         rRot     .     A - +0 helmet
rElec  .         Spirit   .     m - +0 cloak
SustAb .         Warding  .     e - +1 pair of gloves
rMut   .         Stasis   .     (no boots)
Gourm  .                        I - amulet of rage
MR     .....                    h - ring of poison resistance
                                H - +1 ring of dexterity

@: regenerating, not resistant to hostile enchantments, unstealthy
A: no striking features
a: Receive Corpses, Renounce Religion, Evoke Berserk Rage


You were on level 10 of the Dungeon.
You worshipped Kikubaaqudgha.
Kikubaaqudgha was most pleased with you.
You were not hungry.

You visited 3 branches of the dungeon, and saw 14 of its levels.

You collected 543 gold pieces.
You spent 320 gold pieces at shops.

Inventory:

Hand weapons
 b - a +1 hand crossbow
 o - a +2 mace of protection
 F - a +0 short sword of venom
 K - a +2 dagger of flaming
 O - a +2 flail of protection (weapon)
Missiles
 c - 7 bolts
Armour
 d - a +0 leather armour (worn)
 e - a +1 pair of gloves (worn)
 m - a +0 cloak (worn)
 A - a +0 helmet (worn)
 G - a +0 ring mail
Magical devices
 E - a wand of enslavement (3)
Comestibles
 j - 2 slices of pizza
 n - 2 rotting chunks of rat flesh
 q - 3 fruits
 w - 3 meat rations
 x - 2 beef jerkies
 C - a chunk of adder flesh
Scrolls
 a - 2 scrolls of amnesia
 g - 7 scrolls of remove curse
 k - a scroll of recharging
 N - a scroll of random uselessness {unknown}
Jewellery
 f - an uncursed ring of stealth {unknown}
 h - a ring of poison resistance (right hand)
 i - an uncursed ring of teleport control
 H - a +1 ring of dexterity (left hand)
 I - an amulet of rage (around neck)
Potions
 l - a potion of brilliance {unknown}
 r - a potion of cure mutation {unknown}
 s - a potion of invisibility {unknown}
 t - 2 potions of restore abilities
 u - a potion of magic {unknown}
 J - a potion of confusion {unknown}
 S - a potion of mutation {unknown}
Books
 z - Kikubaaqudgha's Incunabulum of Black Rites
   (Kikubaaqudgha gifted it to you on level 5 of the Dungeon)

   Spells                             Type                      Level
   *Pain                              Necromancy                   1
   Corpse Rot                         Necromancy                   2
   Sublimation of Blood               Necromancy                   2
   *Regeneration                      Charms/Necromancy            3
   *Control Undead                    Necromancy                   4
 M - a book of Transfigurations

   Spells                             Type                      Level
   *Stoneskin                         Transmutation/Earth          2
   Ice Form                           Ice/Transmutation            4
   Statue Form                        Transmutation/Earth          6
   Dragon Form                        Transmutation                7
 R - Kikubaaqudgha's Almanac of Darkness
   (Kikubaaqudgha gifted it to you on level 9 of the Dungeon)

   Spells                             Type                      Level
   Excruciating Wounds                Charms/Necromancy            5
   Bolt of Draining                   Conjuration/Necromancy       5
   Dispel Undead                      Necromancy                   5
   Twisted Resurrection               Necromancy                   5
   Death Channel                      Necromancy                   6
Magical staves
 P - an uncursed staff of death {unknown}


   Skills:
 * Level 5.1 Fighting
 * Level 5.1 Maces & Flails
 + Level 6.8 Crossbows
 * Level 4.9 Armour
 * Level 8.6 Dodging
 + Level 2.4 Stealth
 * Level 4.7 Spellcasting
 + Level 2.8 Charms
 * Level 5.2 Necromancy
 + Level 0.4 Evocations


You had 6 spell levels left.
You knew the following spells:

 Your Spells              Type           Power        Failure   Level  Hunger
a - Apportation           Tloc           #.........   21%         1    None
b - Animate Skeleton      Necr           N/A          2%          1    None
c - Corona                Hex            #......      21%         1    None
d - Regeneration          Chrm/Necr      ##........   12%         3    ###....
e - Pain                  Necr           ###.         2%          1    None
f - Control Undead        Necr           ###.......   28%         4    ####...
g - Stoneskin             Trmt/Erth      #.......     30%         2    ##.....


Dungeon Overview and Level Annotations

Branches:
Dungeon (11/15)            Temple (1/1) D:4             Orc (0/4) D:9
   Lair (2/8) D:9

Altars:
Ashenzari
Cheibriados
Dithmenos
Elyvilon
Fedhas
Kikubaaqudgha
Makhleb
Nemelex Xobeh
Okawaru
Qazlal
Sif Muna
Trog
Vehumet
Xom
Yredelemnul
Zin
The Shining One

Shops:
D:9 =


Message History

Casting: Regeneration
Confirm with . or Enter, or press ? or * to list all spells.
Your skin crawls.
The killer bee stings you!
* * * LOW HITPOINT WARNING * * *
The ice beast barely misses you. The killer bee completely misses you.
The kobold hits you but does no damage.
Read which item? (? for menu, Esc to quit)
As you read the scroll labeled KAIJEI TRIA, it crumbles to dust.
The scroll dissolves into smoke.
It was a scroll of fog.
The killer bee closely misses you. The killer bee barely misses you.
The ice beast closely misses you. The killer bee misses you.
The killer bee barely misses you. The kobold closely misses you.
Read which item? (? for menu, Esc to quit)
As you read the scroll labeled QIFETI SCHOUTU, it crumbles to dust.
You feel aware of your surroundings.
You sensed 1 shop/portal.
It was a scroll of magic mapping.
The killer bee misses you.
The killer bee stings you but does no damage.
The ice beast hits you.
You die...
Kikubaaqudgha rasps: "You have failed me!
Welcome... death!"

,,.............#####.####.# #..
.........##.##.##....# #.# #..
.........##.##.##.#### #.# #..
.........#..##.##.# *.* #..
#.......##..##.#..# *,* #..
#.../.............## *,* #..
###..##.##....§§§§§# *,* #..
..............§y§K§# *,*####..
..........#...§y@Y## ***,*#.....
#.(...........§#### *,,,*#.....
#(........####..### **,***#.....
#.........# #....# *,,**#....#.
#####.########a##K####,*,,.....#.
*,,#...J.a.......y.....,,,.##.##.
,,,###########..##.#.y,,,,,,#.*#.
*+** #.....#*.y,,,,,,,*#.
*,***********#...#...,,,,,,,,,*#.


You could see an ice beast, 2 killer bees and a kobold.

Vanquished Creatures
  The ghost of bullock the Conjurer, an experienced DEWz of Vehumet (D:8)
  Prince Ribbit (D:6)
  An orc warrior (D:9)
  2 hippogriffs
  A hill giant skeleton (D:9)
  2 hungry ghosts (D:9)
  A wyvern (D:8)
  3 wargs (D:8)
  5 sky beasts
  3 phantoms
  4 centaurs
  5 ogres
  2 giant frogs
  Blork the orc (D:7)
  2 scorpions
  4 wights (D:7)
  A yak zombie (D:10)
  5 killer bees
  A giant frog zombie (D:5)
  4 crimson imps
  3 goliath beetles
  4 jellies
  A centaur skeleton (D:8)
  7 orc priests
  7 hounds
  11 orc wizards
  8 worker ants
  Terence (D:2)
  3 gnolls (D:8)
  14 adders
  4 shadow imps
  An orc skeleton (D:7)
  3 giant mites
  An inept feature mimic (D:6)
  5 worms
  A gnoll skeleton (D:5)
  38 orcs
  8 giant cockroaches
  14 goblins
  14 hobgoblins
  4 ball pythons
  15 bats
  6 giant geckos
  7 giant newts
  10 jackals
  21 kobolds
  8 quokkas
  A quokka zombie (D:7)
  17 rats
  A rat zombie (D:6)
  A plant (D:5)
288 creatures vanquished.

Vanquished Creatures (collateral kills)
  An ice beast (D:9)
  A centaur (D:7)
  A giant frog (D:11)
  2 killer bees
  A crimson imp (D:10)
  3 orcs
  A hobgoblin (D:6)
  A rat (D:10)
11 creatures vanquished.

Vanquished Creatures (others)
  A centaur (D:10)
  A hound skeleton (D:3)
  An adder skeleton (D:10)
  A bat skeleton (D:7)
  2 goblin skeletons (D:5)
  3 orc skeletons
  A quokka skeleton (D:7)
  A rat skeleton (D:9)
11 creatures vanquished.

Grand Total: 310 creatures vanquished

Notes
Turn   | Place    | Note
--------------------------------------------------------------
     0 | D:1      | eustach, the Human Hunter, began the quest for the Orb.
     0 | D:1      | Reached XP level 1. HP: 15/15 MP: 1/1
   612 | D:1      | Reached XP level 2. HP: 19/21 MP: 2/2
  1530 | D:1      | Reached XP level 3. HP: 26/26 MP: 3/3
  1883 | D:2      | Noticed Terence
  2661 | D:3      | Reached XP level 4. HP: 32/32 MP: 4/4
  3123 | D:3      | Reached skill level 1 in Maces & Flails
  3362 | D:3      | Reached XP level 5. HP: 36/38 MP: 5/5
  3731 | D:4      | Noticed an ogre
  3755 | D:3      | Reached skill level 1 in Spellcasting
  3765 | D:3      | Learned a level 1 spell: Apportation
  3767 | D:3      | Learned a level 1 spell: Animate Skeleton
  3769 | D:3      | Learned a level 1 spell: Corona
  4094 | D:5      | Entered Level 5 of the Dungeon
  4940 | D:2      | Killed Terence
  4940 | D:2      | Reached XP level 6. HP: 46/46 MP: 9/9
  5018 | D:3      | Reached skill level 1 in Armour
  5278 | D:4      | Found a staircase to the Ecumenical Temple.
  5283 | Temple   | Entered the Ecumenical Temple
  5951 | D:4      | Killed an ogre
  6018 | D:4      | Reached skill level 1 in Necromancy
  6018 | D:4      | Reached XP level 7. HP: 51/51 MP: 10/10
  6145 | Temple   | Became a worshipper of Kikubaaqudgha
  6243 | D:5      | Found an iron altar of Okawaru.
  6609 | D:5      | Reached skill level 5 in Crossbows
  6884 | D:5      | Noticed a centaur
  6894 | D:5      | Killed a centaur
  7301 | D:5      | Acquired Kikubaaqudgha's first power
  7301 | D:5      | Received a gift from Kikubaaqudgha
  7304 | D:5      | Identified Kikubaaqudgha's Incunabulum of Black Rites (Kikubaaqudgha gifted it to you on level 5 of the Dungeon)
  7309 | D:5      | Learned a level 3 spell: Regeneration
  7311 | D:5      | Learned a level 1 spell: Pain
  7337 | D:5      | Reached XP level 8. HP: 35/57 MP: 13/13
  8554 | D:6      | Reached skill level 5 in Dodging
  8786 | D:6      | Noticed Prince Ribbit
  8837 | D:7      | Reached skill level 1 in Charms
  9129 | D:7      | Noticed Blork the orc
  9515 | D:6      | Found a shadowy altar of Dithmenos.
  9885 | D:7      | Found a blossoming altar of Fedhas.
 10129 | D:7      | Learned a level 4 spell: Control Undead
 10152 | D:7      | Reached XP level 9. HP: 54/64 MP: 17/17
 10787 | D:8      | Reached skill level 6 in Dodging
 10807 | D:8      | Acquired Kikubaaqudgha's second power
 11494 | D:9      | Found Psenen's Jewellery Shop.
 11497 | D:9      | Bought an uncursed ring of poison resistance for 320 gold pieces
 13162 | D:6      | Killed Prince Ribbit
 13229 | D:7      | Reached XP level 10. HP: 64/72 MP: 20/20
 13423 | D:7      | Reached skill level 7 in Dodging
 13841 | D:8      | Learned a level 2 spell: Stoneskin
 13861 | D:8      | Noticed bullock's ghost (experienced DEWz)
 14829 | D:7      | Killed Blork the orc
 15263 | D:9      | Found a burning altar of Makhleb.
 15405 | D:8      | Killed bullock's ghost
 15943 | D:8      | Reached skill level 8 in Dodging
 16207 | D:9      | Found a staircase to the Lair.
 16232 | D:9      | Found a staircase to the Orcish Mines.
 16241 | D:9      | Received a gift from Kikubaaqudgha
 16243 | D:9      | Identified Kikubaaqudgha's Almanac of Darkness (Kikubaaqudgha gifted it to you on level 9 of the Dungeon)
 16455 | Lair:1   | Entered Level 1 of the Lair of Beasts
 16946 | D:9      | Found a snail-covered altar of Cheibriados.
 16976 | D:9      | Reached skill level 5 in Fighting
 17137 | D:9      | Reached skill level 5 in Necromancy
 17167 | D:9      | Reached XP level 11. HP: 72/79 MP: 22/22
 17295 | D:9      | Reached skill level 5 in Maces & Flails
 17311 | D:10     | Entered Level 10 of the Dungeon
 17546 | D:11     | Noticed a brown ugly thing
 17576 | D:10     | HP: 1/79 [killer bee (8)]
 17578 | D:10     | Slain by an ice beast

Action                   |  1- 3 |  4- 6 |  7- 9 | 10-12 || total
-------------------------+-------+-------+-------+-------++-------
Melee: Hand crossbow     |    32 |     2 |       |       ||    34
       Mace              |    44 |   156 |   429 |   300 ||   929
       Short sword       |     5 |       |    16 |     7 ||    28
       Long sword        |       |       |    24 |       ||    24
       Flail             |       |       |       |    90 ||    90
 Fire: Hand crossbow     |    42 |    57 |   169 |   115 ||   383
 Cast: Animate Skeleton  |       |     4 |     8 |     2 ||    14
       Pain              |       |       |    41 |    37 ||    78
       Apportation       |       |       |    15 |     1 ||    16
       Regeneration      |       |       |       |    20 ||    20
       Control Undead    |       |       |       |     2 ||     2
       Stoneskin         |       |       |       |     1 ||     1
Evoke: Wand              |       |       |     7 |     8 ||    15
  Use: Scroll            |     1 |     4 |     6 |     7 ||    18
       Potion            |       |       |     4 |     1 ||     5
 Stab: Distracted        |       |       |     1 |       ||     1
       Sleeping          |       |       |     1 |     1 ||     2
  Eat: Chunk             |     5 |     7 |    11 |     3 ||    26
       Bread ration      |       |     1 |     2 |     2 ||     5
       Beef jerky        |       |       |     1 |       ||     1
       Fruit             |       |       |     1 |     1 ||     2
       Pizza             |       |       |     1 |     1 ||     2
       Meat ration       |       |       |       |     2 ||     2
